 Seeded DCSS version 0.32-a0-999-gfa1cc04b1d (webtiles) character file.

Game seed: 202404249 (custom seed)

3441 Orlauf the Spear-Bearer (level 9, -5/71 HPs)
             Began as a Demonspawn Gladiator on Apr 25, 2024.
             Was a Priest of Uskayaw.
             Slain by an orc warrior
             ... wielding a +0 war axe
              (16 damage)
             ... in a bailey.
             The game lasted 00:09:30 (6133 turns).

Orlauf the Spear-Bearer (Demonspawn Gladiator)      Turns: 6133, Time: 00:09:31

Health: -5/71      AC: 10    Str: 19    XL:     9   Next: 77%
Magic:  14/14      EV:  7    Int:  9    God:    Uskayaw [***...]
Gold:   279        SH: 14    Dex: 14    Spells: 8/8 levels left

rFire   + . .        a - +2 trident (elec)
rCold   . . .        h - +0 buckler
rNeg    . . .        r - +0 chain mail
rPois   .            c - +0 helmet
rElec   .            q - scarf {shadows}
rCorr   .            (no gloves)
SInv    .            m - +0 pair of boots
Will    .....        w - amulet of reflection Stlth
                     g - ring of protection from fire
HPRegen 0.31/turn    (no ring)
MPRegen 0.14/turn

%: reflection
@: no status effects
A: hooves 2, large bone plates 1, demonic guardian 1
a: Renounce Religion, Stomp, Line Pass


You were in a bailey.
You worshipped Uskayaw.
Uskayaw was noncommittal.
You visited 2 branches of the dungeon, and saw 8 of its levels.
You visited the Abyss 1 time.
You also visited: Bailey.

You collected 279 gold pieces.

Inventory:

Hand Weapons
 a - a +2 trident of electrocution (weapon)
Missiles
 e - a javelin
 i - 4 poisoned darts
 p - 7 silver javelins
Armour
 c - a +0 helmet (worn)
 h - a +0 buckler (worn)
 m - a +0 pair of boots (worn)
 q - a scarf of shadows (worn)
 r - a +0 chain mail (worn)
Jewellery
 g - a ring of protection from fire (left hand)
 l - a ring of protection from cold
 n - an amulet of guardian spirit
 u - a ring of wizardry
 w - an amulet of reflection (around neck)
Wands
 o - a wand of paralysis (4) (quivered)
 v - a wand of flame (14)
Scrolls
 b - a scroll of silence
 k - 2 scrolls of vulnerability
 t - 3 scrolls of identify
Potions
 f - 4 potions of lignification
 j - a potion of invisibility


   Skills:
 + Level 6.6 Fighting
 * Level 8.8 Polearms
 - Level 1.7 Throwing
 - Level 2.6 Dodging
 + Level 5.5 Shields
 + Level 7.5 Invocations


You had 8 spell levels left.
You didn't know any spells.
Your spell library contained the following spells:

 Spells                   Type           Power      Damage    Failure   Level
 Shock                    Conj/Air       0%         1d3       99%         1
 Summon Small Mammal      Summ           0%         N/A       99%         1
 Call Canine Familiar     Summ           0%         N/A       100%        3
 Swiftness                Air            0%         N/A       100%        3
 Airstrike                Air            0%         2d(0-16)  100%        4
 Summon Blazeheart Golem  Fire/Summ      0%         N/A       100%        4


Dungeon Overview and Level Annotations

Branches:
Dungeon (7/15)             Temple (1/1) D:4          Bailey (1/1)

Altars:
Ashenzari
Cheibriados
Dithmenos
Fedhas
Hepliaklqana
Kikubaaqudgha
Makhleb
Nemelex Xobeh
Okawaru
Qazlal
Ru
Sif Muna
Trog
Uskayaw
Vehumet
Wu Jian
Xom
Yredelemnul

Shops:
D:3 :


Innate Abilities, Weirdness & Mutations

You have hoof-like feet.
You are partially covered in large bone plates. (SH +4)
A weak demonic guardian rushes to your aid.


Message History

Lightning courses through the orc knight!
The orc knight is heavily wounded.
You block the orc knight's attack.
You strike the helpless orc knight from behind!
You hit the orc knight but do no damage.
The orc knight is heavily wounded.
You flicker back into view.
You block the orc knight's attack. You block the orc warrior's attack.
You barely miss the orc knight.
The orc knight is heavily wounded.
The orc knight hits you with a +0 broad axe!
You block the orc warrior's attack.
You hit the orc knight but do no damage.
The orc knight is heavily wounded.
The orc knight roars a battlecry!
The orc warrior goes into a battle-frenzy!
The orc warrior hits you with a +0 war axe!!
A demonic guardian appears!
You are too injured to fight recklessly!
You are too injured to fight recklessly!
You are too injured to fight recklessly!
You are too injured to fight recklessly!
You are too injured to fight recklessly!
You are too injured to fight recklessly!
You are too injured to fight recklessly!
You are too injured to fight recklessly!
You are too injured to fight recklessly!
You are too injured to fight recklessly!
You are too injured to fight recklessly!
You are too injured to fight recklessly!
You are too injured to fight recklessly!
You hit the orc knight but do no damage.
Lightning courses through the orc knight!
The orc knight is severely wounded.
The orc knight hits you with a +0 broad axe!
* * * LOW HITPOINT WARNING * * *
The orc knight hits your shadow imp with a +0 broad axe!
The orc warrior hits you with a +0 war axe!
You die...
Your body falls in perfect tune with the rhythm.

#..#
#.ß#
#..#
##)#
#).#
#..#
#..#
#5.#
#@o#
#o##
...
....#
###..#
+...
####


You could see an orc knight (ally target), an orc warrior (strong) and a
friendly shadow imp (summoned).

Vanquished Creatures
  Pikel (D:6)
  2 orc knights (Bailey)
  Sigmund (D:4)
  An acid dragon (D:6)
  Menkaure (D:6)
  2 black bears
  A sky beast (D:6)
  2 orc warriors (Bailey)
  An ogre (D:6)
  2 lemures (D:6)
  2 phantoms
  A gnoll sergeant (D:4)
  A howler monkey (D:5)
  A bombardier beetle (D:4)
  3 jellies
  2 gnoll boudas
  4 iguanas
  4 orc wizards
  A sleepcap (D:5)
  22 gnolls
  8 adders
  A shadow imp (D:6)
  2 ufetubi (D:6)
  2 ribbon worms
  A dart slug (D:4)
  25 orcs
  9 endoplasms
  4 giant cockroaches
  11 goblins
  7 hobgoblins
  4 jackals
  7 kobolds
  5 quokkas
  10 ball pythons
  8 bats
  4 frilled lizards
  7 rats
170 creatures vanquished.

Vanquished Creatures (collateral kills)
  3 gnolls (D:7)
  An adder (D:2)
  An orc (D:7)
5 creatures vanquished.

Grand Total: 175 creatures vanquished

Notes
Turn   | Place    | Note
-------+----------+-------------------------------------------
     0 | D:1      | Orlauf the Demonspawn Gladiator began the quest for the
                  | Orb.
     0 | D:1      | Reached XP level 1. HP: 16/16 MP: 1/1
   136 | D:1      | Reached skill level 3 in Polearms
   142 | D:1      | Gained mutation: You are partially covered in large bone
                  | plates. (SH +4) [demonic ancestry]
   142 | D:1      | Reached XP level 2. HP: 20/22 MP: 2/2
   441 | D:1      | Gained mutation: A weak demonic guardian rushes to your
                  | aid. [demonic ancestry]
   441 | D:1      | Reached XP level 3. HP: 27/28 MP: 3/3
  1116 | D:2      | Reached skill level 1 in Shields
  1196 | D:2      | Reached XP level 4. HP: 34/34 MP: 4/4
  1458 | D:3      | Reached skill level 4 in Polearms
  1526 | D:3      | Found Laegeghi's Book Boutique.
  1927 | D:3      | Gained mutation: You have large cloven feet. [demonic
                  | ancestry]
  1927 | D:3      | Reached XP level 5. HP: 41/41 MP: 5/5
  2028 | D:3      | Found a hazy altar of Hepliaklqana.
  2115 | D:4      | Found a staircase to the Ecumenical Temple.
  2144 | Temple   | Entered the Ecumenical Temple
  2171 | Temple   | Became a worshipper of Uskayaw the Reveller
  2228 | D:4      | Reached * piety under Uskayaw
  2377 | D:4      | Found a snail-covered altar of Cheibriados.
  2383 | D:4      | Reached ** piety under Uskayaw
  2386 | D:4      | Reached skill level 1 in Invocations
  2490 | D:4      | Noticed Sigmund
  2506 | D:4      | Killed Sigmund
  2507 | D:4      | Reached skill level 5 in Polearms
  2507 | D:4      | Reached XP level 6. HP: 48/48 MP: 4/7
  2670 | D:4      | Reached *** piety under Uskayaw
  2672 | D:4      | Reached **** piety under Uskayaw
  2820 | D:4      | Gained mutation: You have hoof-like feet. [demonic
                  | ancestry]
  2820 | D:4      | Reached XP level 7. HP: 35/54 MP: 7/9
  3217 | D:5      | Entered Level 5 of the Dungeon
  3696 | D:5      | Reached skill level 6 in Polearms
  4015 | D:5      | Reached XP level 8. HP: 36/61 MP: 8/11
  4498 | D:6      | Reached skill level 5 in Fighting
  4498 | D:6      | Reached skill level 5 in Invocations
  4653 | D:6      | Reached skill level 7 in Polearms
  4674 | D:6      | Noticed Menkaure
  4681 | D:6      | Killed Menkaure
  4834 | D:6      | Noticed Pikel
  4845 | D:6      | Reached ***** piety under Uskayaw
  4848 | D:6      | Killed Pikel
  4849 | D:6      | Reached XP level 9. HP: 43/69 MP: 7/13
  5437 | Abyss:1  | Cast into level 1 of the Abyss (gnoll)
  5441 | D:7      | Escaped the Abyss
  5458 | D:7      | HP: 2/69 [gnoll/+0 spear[a gnoll bouda] (3)]
  5520 | D:7      | Found a shimmering altar of Xom.
  5679 | D:7      | Found a flagged portal.
  5685 | Bailey   | Entered a bailey
  5710 | Bailey   | Noticed an orc knight
  5734 | Bailey   | Killed an orc knight
  5735 | Bailey   | Reached skill level 8 in Polearms
  5735 | Bailey   | Reached skill level 5 in Shields
  5876 | Bailey   | Noticed an orc knight
  5906 | Bailey   | Killed an orc knight
  6121 | Bailey   | Noticed an orc knight
  6133 | Bailey   | Slain by an orc warrior

Illustrated notes

Levels and vault maps discovered:
D:1:      dpeg_arrival_tiny_a, layout_rooms, st_stairs_3, minmay_octomino_c4
D:2:      layout_loops_ring, minmay_crystal_room
D:3:      layout_loops_cross, general_overflow_altar, serial_shops, shop,
          nicolae_concentric_dashed_squares_mild
D:4:      layout_gridville, slow_altar_1, minmay_temple_entry_arrows,
          minivault_11, lightli_minifort, uniq_sigmund
D:5:      layout_basic
D:6:      layout_loops_ring, minmay_misc_feat_tiny, uniq_menkaure, uniq_pikel
D:7:      minmay_razor_zed, layout_layer_cave, xom_teletrap_fun, enter_bailey_2
Temple:   bh_familiar_temple
Bailey:   bailey_axe_of_yendor_kennysheep, bailey

Skill      XL: |  1  2  3  4  5  6  7  8  9 |
---------------+----------------------------+-----
Polearms       | 3 4 5 6 7 8 |  8.8
Shields        | 1 2 3 4 5 |  5.5
Fighting       | 3 4 5 6 |  6.6
Invocations    | 2 4 6 7 |  7.5
Throwing       | |  1.7
Dodging        | |  2.6

Action                     |  1- 3 |  4- 6 |  7- 9 || total
---------------------------+-------+-------+-------++-------
  Melee: Trident           |   153 |   142 |   307 ||   602
  Throw: Throwing net      |       |     1 |     3 ||     4
  Evoke: Wand              |       |       |    11 ||    11
    Use: Scroll            |     5 |     3 |     4 ||    12
         Potion            |       |     1 |     3 ||     4
   Stab: Sleeping          |     1 |     1 |       ||     2
         Paralysed         |       |     1 |    21 ||    22
         Invisible         |       |       |     3 ||     3
         Held in net/web   |       |       |     1 ||     1
 Armour: Leather armour    |    90 |    11 |       ||   101
         Ring mail         |       |    13 |       ||    13
         Chain mail        |       |    40 |   227 ||   267
  Dodge: Dodged            |    56 |    50 |    83 ||   189
  Block: Buckler           |    22 |    44 |   125 ||   191
         Other             |     3 |       |       ||     3

Table legend: (Time is in decaauts)
 A = Elapsed time spent in this place.
 B = Non-inter-level travel time spent in this place.
 C = Inter-level travel time spent in this place.
 D = Time resting spent in this place.
 E = Time spent auto-exploring this place.
 F = Levels seen in this place.
 G = Mean time per level.
                   A        B        C        D        E       F      G
               +--------+--------+--------+--------+--------+-----+--------+
         Total |   6153 |   5922 |    231 |    634 |   3884 |  10 |  615.3 |
       Dungeon |   5652 |   5473 |    179 |    315 |   3860 |   7 |  807.4 |
        Temple |     53 |      1 |     52 |      0 |      0 |   1 |   53.0 |
         Abyss |      3 |      3 |      0 |      0 |      0 |   1 |    3.0 |
        Bailey |    443 |    443 |      0 |    319 |     24 |   1 |  443.0 |
               +--------+--------+--------+--------+--------+-----+--------+

Top non-repeatable levels by time:
     D:5: 1111 daAuts
     D:6: 1055 daAuts
     D:4: 1039 daAuts
     D:2: 764 daAuts
     D:1: 716 daAuts
     D:3: 666 daAuts
  Bailey: 443 daAuts
     D:7: 299 daAuts
  Temple: 53 daAuts
 Abyss:1: 3 daAuts
